 Dungeon Crawl Stone Soup version 0.17.0-9-g801d43b (webtiles) character file.

640223 4thArraOfDagon the Tortoise (level 27, -5/235 HPs)
             Began as a Hill Orc Berserker on Nov 9, 2015.
             Was a High Priest of Makhleb.
             Killed from afar by an Ice Fiend (51 damage)
             ... with a bolt of cold
             ... in Pandemonium.
             The game lasted 04:02:48 (22257 turns).

4thArraOfDagon the Tortoise (Hill Orc Berserker)   Turns: 22257, Time: 04:02:48

Health: -5/235     AC: 31    Str: 20 (21) XL:     27
Magic:  17/34      EV: 10    Int: 13 (18) God:    Makhleb [*****.]
Gold:   671        SH: 13    Dex:  8 (10) Spells: 9 memorised, 18 levels left

rFire  + + +     SeeInvis +     E - +12 war axe of Extermination {freeze, rF++ rN+ Int+4}
rCold  . . .     Clarity  .     k - +4 plate armour {rN+}
rNeg   + + +     SustAt   .     W - +0 shield {reflect}
rPois  +         Gourm    .     D - +1 hat of Zausch {rElec rF++ rCorr Str-5}
rElec  +         Spirit   .     o - +2 cloak {rPois}
rCorr  +         Warding  .     z - +0 pair of gloves of Dithmenos's Hatred {rF++}
rMut   .         Rnd*Tele +     O - +0 pair of boots
MR     ++...                    U - amulet of rage
Stlth  ..........               m - ring of Shadows {Umbra +Inv rN+ SInv}
                                V - ring of teleportation

@: lethally poisoned (-5 -> -5), regenerating, wreathed by umbra, very resistant
to hostile enchantments, extremely unstealthy
A: deterioration 1, low mp 1, subdued magic 1, MP-powered wands
a: Minor Destruction, Lesser Servant of Makhleb, Major Destruction, Greater
Servant of Makhleb, Renounce Religion, Evoke Berserk Rage, Evoke Invisibility,
Evoke Teleportation
}: 5/15 runes: decaying, slimy, silver, golden, gossamer


You were in Pandemonium.
You worshipped Makhleb.
Makhleb was extremely pleased with you.
You were not hungry.

You visited 10 branches of the dungeon, and saw 57 of its levels.
You visited Pandemonium 1 time, and saw 22 of its levels.
You visited 1 ziggurat, and saw 12 of its levels.
You also visited: Labyrinth, Ice Cave, Volcano and Wizlab.

You collected 8020 gold pieces.
You spent 7325 gold pieces at shops.

Inventory:

Hand Weapons
 E - the +12 war axe of Extermination (weapon) {freeze, rF++ rN+ Int+4}
   (You bought it in a shop on level 10 of the Dungeon)

   It has been specially enchanted to freeze those struck by it, causing extra
   injury to most foes and up to half again as much damage against particularly
   susceptible opponents.
   It can also slow down cold-blooded creatures.
   It affects your intelligence (+4).
   It greatly protects you from fire.
   It protects you from negative energy.
Missiles
 g - 5 throwing nets (quivered)
Armour
 k - a +4 plate armour of positive energy (worn)
 o - a +2 cloak of poison resistance (worn)
 z - the +0 pair of gloves of Dithmenos's Hatred (worn) {rF++}
   (You bought it in a shop on level 4 of the Depths)

   It greatly protects you from fire.
 D - the +1 hat of Zausch (worn) {rElec rF++ rCorr Str-5}
   (You found it on level 8 of a ziggurat)

   It affects your strength (-5).
   It greatly protects you from fire.
   It insulates you from electricity.
   It protects you from acid and corrosion.
 O - a +0 pair of boots (worn)
 W - a +0 shield of reflection (worn)
Magical Staves
 Y - an uncursed staff of energy
Jewellery
 d - the ring of Shaolin {EV+8}
   (You found it on level 3 of the Tomb of the Ancients)

   [ring of evasion]

   It affects your evasion (+8).
 e - the amulet of the Queen {*Drain rElec rPois Regen+}
   (You found it on level 10 of a ziggurat)

   [amulet of regeneration]

   It insulates you from electricity.
   It protects you from poison.
   It increases your rate of regeneration.
   It causes draining when unequipped.
 f - the ring of Zicaf {+Inv +Fly rC+ Str+5 Int+3}
   (You bought it in a shop on level 9 of the Dungeon)

   [ring of intelligence]

   It affects your strength (+5).
   It affects your intelligence (+3).
   It protects you from cold.
   It lets you turn invisible.
   It lets you fly.
 i - the amulet of Egalitarianism {Gourm MP-9 Int+7 Slay+2}
   (You found it on level 9 of a ziggurat)

   [amulet of the gourmand]

   It allows you to eat raw meat even when not hungry.
   It affects your intelligence (+7).
   It affects your accuracy and damage with ranged weapons and melee attacks
   (+2).
   It affects your magic capacity (-9).
 m - the ring of Shadows (right hand) {Umbra +Inv rN+ SInv}
   (You found it on level 3 of the Tomb of the Ancients)

   [ring of invisibility]

   It protects you from negative energy.
   It lets you see invisible.
   It lets you turn invisible.
 y - an uncursed amulet of clarity
 B - the ring "Norulel" {+Fly rC++}
   (You found it on level 5 of a ziggurat)

   [ring of flight]

   It greatly protects you from cold.
   It lets you fly.
 F - the ring of Kevoigent {rElec rC+ MR++ Int-5 Dex+10}
   (You bought it in a shop on level 9 of the Dungeon)

   [ring of protection from cold]

   It affects your intelligence (-5).
   It affects your dexterity (+10).
   It protects you from cold.
   It insulates you from electricity.
   It affects your resistance to hostile enchantments.
 U - an amulet of rage (around neck)
 V - a ring of teleportation (left hand)
Wands
 j - a wand of disintegration (12)
 l - a wand of hasting (7)
 x - a wand of hasting (5)
 G - a wand of teleportation (6)
 T - a wand of heal wounds (6)
Scrolls
 h - a scroll of silence
 p - a scroll of fog
 q - 2 scrolls of identify
 u - a scroll of magic mapping
 H - 12 scrolls of teleportation
 J - 2 scrolls of blinking
 M - 5 scrolls of recharging
 N - a scroll of summoning
 Q - 11 scrolls of remove curse
 S - 3 scrolls of holy word
Potions
 b - 4 potions of cure mutation
 n - 4 potions of magic
 s - 3 potions of might
 v - a potion of berserk rage
 w - 3 potions of lignification
 C - 5 potions of brilliance
 I - 8 potions of curing
 K - a potion of resistance
 P - 2 potions of cancellation
 R - 6 potions of ambrosia
 Z - 4 potions of heal wounds
Miscellaneous
 a - 3 phantom mirrors
 r - a box of beasts {used: 1}
 A - a fan of gales
 X - a lamp of fire
Comestibles
 c - 7 bread rations
 t - 23 meat rations


   Skills:
 - Level 17.0 Fighting
 - Level 19.2 Axes
 - Level 20.2 Armour
 - Level 10.1 Dodging
 - Level 15.2 Shields
 + Level 11.4 Spellcasting
 - Level 8.1 Charms
 - Level 8.4 Necromancy
 * Level 16.4 Translocations
 - Level 7.3 Invocations
 - Level 9.5 Evocations


You had 18 spell levels left.
You knew the following spells:

 Your Spells              Type           Power        Failure   Level  Hunger
a - Cure Poison           Pois           #.........   87%         2    None
b - Apportation           Tloc           ####......   0%          1    None
c - Passage of Golubria   Tloc           N/A          1%          4    ###....
d - Blink                 Tloc           N/A          0%          2    None
e - Controlled Blink      Tloc           N/A          100%        8    #######
f - Phase Shift           Tloc           ####......   1%          5    #####..
g - Swiftness             Chrm/Air       ##......     13%         2    None
h - Regeneration          Chrm/Necr      ###.......   4%          3    #......
i - Spectral Weapon       Hex/Chrm       ##......     32%         3    #......


Dungeon Overview and Level Annotations

Branches:
Dungeon (15/15)              Lair (8/8) D:8           Swamp (4/4) Lair:4
 Spider (4/4) Lair:4        Slime (6/6) Lair:7          Orc (4/4) D:10
    Elf (0/3) Orc:4        Vaults (5/5) D:13          Crypt (3/3) Vaults:3
   Tomb (3/3) Crypt:3      Depths (5/5) D:15
 Temple: D:4-7          Zot: Depths:5

Altars:
Ashenzari
Elyvilon
Fedhas
Kikubaaqudgha
Makhleb
Trog
Vehumet
Yredelemnul
Zin
Jiyva

Shops:
D:9 (=   D:10 }*:(:   Orc:4 *:([   Vaults:1 =[   Vaults:2 ?   Vaults:5 =
Depths:4 [

Portals:
Hell: Depths:4
Abyss: Depths:3 Depths:4
Pandemonium: Depths:3 Depths:4

Annotations:
D:8 1 runed door
D:13 VAULTS
Lair:4 SWAMP
Lair:6 exclusion: oklob plant
Swamp:4 Lernaean hydra
Vaults:3 CRYPT


Innate Abilities, Weirdness & Mutations

Your magical capacity is low (-10% MP).
Your spells are a little easier to cast, but a little less powerful.
You expend magic power (3 MP) to strengthen your wands.
[Your body sometimes deteriorates upon taking damage.]


Message History

The Ice Fiend calls on the powers of darkness!
The torturous demonspawn convulses!
Your body is wracked with pain!
* * * LOW HITPOINT WARNING * * *
Casting: Regeneration
Confirm with . or Enter, or press ? or * to list all spells.
Your skin crawls.
You block the sun demon's attack.
The torturous demonspawn closely misses you.
The sun demon barely misses you.
The Ice Fiend calls on the powers of darkness!
The torturous demonspawn convulses!
Your body is wracked with pain!
* * * LOW HITPOINT WARNING * * *
Unknown command.
Unknown command.
Unknown command.
Your surroundings suddenly seem different.
You feel sick.
The sun demon shouts!
The Ice Fiend gestures at you. The bolt of cold hits you!
You die...

##.6...##.......##
#####'###.........#
#.......#........#
#......1#.......##
#.......'[......#
#.......#.......#
#.......#.......#.
#.(.....#[......'.
.###.....#.@3....#..
...###...#.......#..
.....#2#.#..4....#
#.......######'####
#........ #.......#
#.......####.....##
#.....#2#..##...##
....###.6...##.##
.............#6#


You could see an Ice Fiend, a sun demon and a red devil.

Vanquished Creatures
  An orb of fire (Zig:9)
  4 ancient liches
  9 greater mummies
  A golden dragon (Depths:4)
  A Hellbinder (WizLab)
  2 liches
  2 quicksilver dragons
  Rupert (Orc:3)
  3 tentacled monstrosities (Vaults:5)
  2 deep elf blademasters (Zig:8)
  A deep elf master archer (Depths:4)
  9 acid blobs
  2 ancient champions
  2 titans (Vaults:5)
  An octopode crusher (Depths:1)
  An Executioner (Pan)
  A sphinx (shapeshifter) (Depths:2)
  A sphinx (Vaults:5)
  5 greater nagas (Zig:11)
  5 storm dragons
  2 shadow dragons
  4 fire giants
  2 thorn hunters
  2 draconian monks (Zig:6)
  6 azure jellies
  5 tengu reavers
  A corrupter (Zig:11)
  Donald (Spider:1)
  4 ghost moths
  A deep elf sorcerer (Vaults:5)
  A draconian knight (Zig:6)
  Louise (Depths:4)
  A frost giant (Depths:2)
  An emperor scorpion (Spider:4)
  2 draconian shifters (Zig:6)
  14 vault wardens
  A balrug (Pan)
  13 ironheart preservers
  5 orc warlords
  A reaper (WizLab)
  A stone giant (shapeshifter) (Vaults:5)
  5 war gargoyles
  A vampire knight (Crypt:3)
  14 stone giants
  A blood saint (Pan)
  A very ugly thing (Zig:10)
  Nessos (Orc:4)
  2 deep elf demonologists
  6 large abominations
  A deep elf annihilator (Zig:8)
  4 bennus (Tomb:2)
  3 salamander stormcallers (Zig:9)
  A lorocyproca (Depths:2)
  4 deep elf death magi
  A red draconian (Zig:6)
  A black sun (Pan)
  3 eidola
  5 ettins
  2 blizzard demons (Pan)
  2 green deaths
  A quicksilver dragon zombie (Tomb:3)
  A merfolk impaler (Zig:5)
  A crystal guardian (Vaults:1)
  3 fire dragons (shapeshifter) (Depths:2)
  2 small abominations
  A deep elf high priest (Vaults:5)
  A death ooze (Zig:7)
  8 mummy priests
  A minotaur (Lab)
  16 yaktaur captains
  3 ice dragons
  2 ice dragons (shapeshifter) (Depths:2)
  30 vault guards
  7 great orbs of eyes
  5 fire dragons
  3 hell beasts
  4 rakshasas
  2 ghost crabs
  12 hydras
  2 naga warriors (Zig:11)
  A merfolk avatar (Zig:5)
  3 centaur warriors
  4 spriggan air magi
  11 ogre magi
  An anaconda (shapeshifter) (Depths:2)
  A merfolk aquamancer (Zig:5)
  3 dancing weapons
  A queen ant (D:9)
  An alligator (Swamp:4)
  14 death yaks (Lair:8)
  A tengu warrior (Depths:1)
  2 naga sharpshooters (Zig:11)
  3 deep troll shamans (Depths:4)
  3 orc high priests
  3 soul eaters
  4 shock serpents
  2 hell knights (Vaults:5)
  7 deep elf knights
  3 iron trolls
  12 sun demons
  An iron golem (D:12)
  A shadow wraith (Crypt:3)
  8 unseen horrors (Depths:4)
  6 skeletal warriors
  A lindwurm (Depths:2)
  A spriggan druid (Swamp:4)
  3 fire crabs
  A sea snake (Zig:5)
  A deep elf summoner (Zig:8)
  A fire crab (shapeshifter) (Depths:1)
  40 death scarabs
  A harpy (shapeshifter) (Vaults:4)
  5 swamp dragons (Swamp:4)
  4 phantasmal warriors (Vaults:5)
  14 orc knights
  A shadow demon (Pan)
  12 deep trolls
  An anubis guard (shapeshifter) (Vaults:5)
  3 necromancers
  6 hill giants
  2 anubis guards
  3 hornets
  An anaconda skeleton (Tomb:1)
  A deep elf conjurer (Vaults:3)
  3 orb spiders
  5 orc sorcerers
  5 shining eyes
  A mana viper (Zig:11)
  12 ironbrand convokers
  A manticore (D:11)
  A putrid demonspawn (Pan)
  3 cyclopes
  18 ugly things
  A griffon (Vaults:2)
  9 harpies
  A cyclops (shapeshifter) (Zig:10)
  2 oklob plants (Zig:9)
  A salamander (Zig:11)
  14 wolf spiders
  A sphinx skeleton (Volcano)
  5 elephants (Lair:5)
  A centaur zombie (D:13)
  A moth of wrath (shapeshifter) (Depths:2)
  2 eyes of devastation
  2 moths of wrath
  A water nymph (Zig:2)
  Maurice (D:10)
  3 guardian serpents
  A gargoyle (D:15)
  6 sixfirhies (Pan)
  16 vault sentinels
  4 naga magi (Depths:2)
  8 smoke demons
  11 spiny frogs
  2 ice statues (IceCv)
  2 rust devils (WizLab)
  2 sirens (Zig:5)
  2 torpor snails (shapeshifter) (Depths:4)
  2 orange demons
  An anaconda simulacrum (Depths:2)
  4 komodo dragons
  A kobold demonologist (Vaults:1)
  11 yaktaurs
  2 efreet
  3 hellions (Pan)
  8 black mambas
  5 hellwings
  A tormentor (WizLab)
  5 demonic crawlers
  21 guardian mummies
  3 fire drakes (Lair:8)
  A red devil (WizLab)
  3 merfolk (Zig:5)
  3 deep elf priests
  6 jumping spiders
  8 trolls
  3 freezing wraiths
  20 two-headed ogres
  5 blue devils
  A giant leech (Swamp:2)
  A queen bee (Lair:5)
  82 slime creatures
  A minotaur skeleton (Volcano)
  2 bog bodies
  4 polar bears
  13 ushabtiu
  A fire giant simulacrum (Crypt:3)
  5 boulder beetles
  A blink frog (shapeshifter) (Vaults:3)
  A trapdoor spider zombie (D:14)
  12 blink frogs
  A sphinx simulacrum (Vaults:2)
  14 trapdoor spiders
  7 flying skulls
  A raiju (shapeshifter) (Vaults:1)
  16 tarantellas
  5 spriggans
  3 vampires
  An ettin skeleton (Crypt:3)
  19 redbacks
  A wraith (Crypt:1)
  2 shadows
  A yak (shapeshifter) (Vaults:5)
  8 deep elf fighters
  5 deep elf magi
  4 wyverns
  7 ynoxinuls
  Eustachio (D:6)
  3 basilisks (Lair:8)
  6 hippogriffs
  3 fire elementals
  2 steam dragons
  30 yaks
  5 hungry ghosts (Lab)
  A hippogriff (shapeshifter) (Depths:2)
  6 wargs
  6 vampire mosquitoes
  6 wolves (Lair:7)
  4 neqoxecs
  2 hill giant skeletons (Volcano)
  6 golden eyes
  3 mottled dragons
  A torturous demonspawn zombie (Crypt:3)
  2 chaos spawn (Pan)
  A naga (Zig:11)
  19 swamp worms
  4 porcupines
  3 merfolk skeletons (Volcano)
  A hydra simulacrum (Depths:2)
  An insubstantial wisp (Depths:2)
  9 water moccasins
  9 soldier ants (D:9)
  45 orc warriors
  9 swamp drakes
  5 eyes of draining
  A torturous demonspawn skeleton (Crypt:2)
  A spiny frog skeleton (Tomb:3)
  4 hell hounds
  14 ice beasts
  5 black bears
  An ice dragon simulacrum (Tomb:3)
  4 phantoms
  8 spiders
  44 ogres
  An ettin simulacrum (Crypt:3)
  2 sky beasts
  A wasp (shapeshifter) (Vaults:5)
  5 wasps
  3 centaurs
  A boggart (D:13)
  A manticore skeleton (Volcano)
  9 crocodiles
  6 giant frogs
  7 big kobolds
  7 gnoll sergeants
  A wyvern zombie (D:13)
  A human skeleton (Vaults:2)
  An earth elemental (Depths:2)
  3 scorpions
  8 wights
  3 spriggan skeletons
  35 killer bees
  5 electric eels
  2 giant frog zombies
  4 hounds
  3 crimson imps
  22 orc wizards
  A quasit (D:12)
  A giant frog skeleton (D:12)
  16 jellies
  2 centaur skeletons
  Jessica (D:3)
  21 orc priests
  6 iguanas
  24 worker ants
  2 sheep (D:12)
  A naga skeleton (Volcano)
  14 mummies
  A worker ant zombie (D:10)
  Robin (D:4)
  10 gnolls
  38 river rats
  10 adders
  2 shadow imps
  2 adder skeletons (D:9)
  182 orcs
  A ball python (D:6)
  10 goblins
  3 hobgoblins (D:4)
  31 kobolds
  2 giant geckos
  A giant newt (D:6)
  A kobold skeleton (Crypt:1)
  2 quokkas
  4 crawling corpses
  21 fire vortices (Zig:9)
  5 fungi
  6 plants
1795 creatures vanquished.

Vanquished Creatures (collateral kills)
  the royal jelly (Slime:6)
  2 azure jellies (Slime:6)
  4 emperor scorpions (Spider:4)
  The ghost of septik the Fencer, a journeyman GrFi of Okawaru (Lair:8)
  A stone giant (Vaults:5)
  Snorg (Lair:7)
  2 death oozes (Slime:6)
  A hydra (Swamp:4)
  An alligator (Swamp:4)
  An orc high priest (Orc:4)
  The ghost of septik the Basher, a novice GrFi of Okawaru (Orc:1)
  An iron golem (D:12)
  A swamp dragon (Swamp:4)
  3 orb spiders (Spider:4)
  A spiny frog (Lair:7)
  A redback (Spider:4)
  5 trapdoor spiders (Spider:4)
  A porcupine (Lair:7)
  An orc wizard (Orc:3)
  A jelly (Slime:6)
  An orc (Orc:3)
  A fungus (Lair:7)
33 creatures vanquished.

Vanquished Creatures (others)
  3 deep elf master archers
  2 fire giants
  A salamander stormcaller (Zig:9)
  A vault guard (Vaults:5)
  A yaktaur captain (Depths:2)
  A merfolk aquamancer (Zig:2)
  An ogre mage (D:13)
  6 death scarabs
  A phantasmal warrior (Vaults:5)
  3 oklob plants (Zig:9)
  A naga mage (Zig:11)
  A guardian serpent (Zig:11)
  3 yaktaurs (Vaults:5)
  2 fire drakes (Zig:9)
  An ushabti (Tomb:2)
  A fire elemental (Zig:9)
  A vampire mosquito (Vaults:2)
  2 hell hounds (Zig:9)
  A sky beast (D:11)
  2 orc priests
  A mummy (Tomb:2)
  44 eldritch tentacle segments (Pan)
  4 fire vortices (Zig:9)
  13 fungi
  43 plants
  A spectral weapon (Tomb:2)
141 creatures vanquished.

Grand Total: 1969 creatures vanquished

Notes
Turn   | Place    | Note
--------------------------------------------------------------
     0 | D:1      | 4thArraOfDagon the Hill Orc Berserker began the quest for the Orb.
     0 | D:1      | Reached XP level 1. HP: 19/19 MP: 1/1
   252 | D:3      | Noticed Jessica
   261 | D:3      | Killed Jessica
   261 | D:3      | Reached skill level 1 in Evocations
   261 | D:3      | Reached XP level 2. HP: 8/27 MP: 2/2
   261 | D:3      | Reached XP level 3. HP: 9/33 MP: 3/3
   291 | D:4      | Noticed an orc wizard
   297 | D:4      | Killed an orc wizard
   297 | D:4      | Reached skill level 5 in Axes
   297 | D:4      | Reached XP level 4. HP: 23/40 MP: 3/5
   316 | D:4      | Noticed Robin
   367 | D:4      | Killed Robin
   372 | D:4      | Reached ** piety under Trog
   424 | D:5      | Entered Level 5 of the Dungeon
   455 | D:6      | Noticed Eustachio
   467 | D:6      | Killed Eustachio
   467 | D:6      | Reached skill level 6 in Axes
   467 | D:6      | Reached XP level 5. HP: 47/47 MP: 6/6
   467 | D:6      | Reached XP level 6. HP: 55/55 MP: 7/7
   520 | D:6      | Found a basalt altar of Yredelemnul.
   531 | D:6      | Noticed an orc warrior
   544 | D:6      | Noticed a giant frog
   744 | D:7      | Reached skill level 5 in Fighting
   817 | D:7      | Found a bloodstained altar of Trog.
   881 | D:7      | Noticed a spriggan baker
   889 | D:7      | Killed a spriggan baker
   889 | D:7      | Reached skill level 7 in Axes
   889 | D:7      | Reached XP level 7. HP: 61/61 MP: 9/9
   964 | D:7      | Reached *** piety under Trog
  1044 | D:8      | Reached skill level 8 in Axes
  1061 | D:8      | Reached XP level 8. HP: 35/70 MP: 10/10
  1072 | D:8      | Found a glowing silver altar of Zin.
  1072 | D:8      | Noticed an angel
  1074 | D:8      | Found a runed door.
  1194 | D:8      | Reached skill level 5 in Armour
  1325 | D:8      | Found a staircase to the Lair.
  1336 | D:8      | Reached skill level 9 in Axes
  1445 | D:9      | Reached XP level 9. HP: 79/79 MP: 12/12
  1447 | D:9      | Reached skill level 10 in Axes
  1447 | D:9      | Reached skill level 5 in Evocations
  1454 | D:9      | Gained mutation: You can breathe flames. [mutagenic meat]
  1455 | D:9      | Gained mutation: You have large cloven feet. [mutagenic meat]
  1456 | D:9      | Gained mutation: You are weak. (Str -2) [mutagenic meat]
  1457 | D:9      | Gained mutation: Scrolls take you a little longer to read. [mutagenic meat]
  1458 | D:9      | Gained mutation: You expend magic power (3 MP) to strengthen your wands. [mutagenic meat]
  1529 | D:10     | Entered Level 10 of the Dungeon
  1604 | D:11     | Reached **** piety under Trog
  1604 | D:11     | Reached skill level 11 in Axes
  1852 | D:11     | Reached XP level 10. HP: 88/88 MP: 14/14
  1854 | D:11     | Reached skill level 12 in Axes
  1879 | D:11     | Noticed a red ugly thing
  1880 | D:11     | Noticed a four-headed hydra
  1906 | D:12     | Noticed a purple ugly thing
  1921 | D:12     | Killed a purple ugly thing
  1967 | D:12     | Received a gift from Trog
  2132 | D:13     | Noticed a brown ugly thing
  2141 | D:13     | Killed a brown ugly thing
  2148 | D:13     | Gained mutation: You occasionally shout uncontrollably at your foes. [mutagenic meat]
  2149 | D:13     | Gained mutation: Armour fits poorly on your strangely shaped body. [mutagenic meat]
  2228 | D:13     | Reached skill level 13 in Axes
  2261 | D:13     | Lost mutation: You are weak. (Str -2) [potion of cure mutation]
  2261 | D:13     | Lost mutation: Armour fits poorly on your strangely shaped body. [potion of cure mutation]
  2261 | D:13     | Lost mutation: You occasionally shout uncontrollably at your foes. [potion of cure mutation]
  2261 | D:13     | Lost mutation: Scrolls take you a little longer to read. [potion of cure mutation]
  2435 | D:12     | Got a fabulously ornate robe
  2687 | D:11     | Noticed a manticore
  2693 | D:11     | Noticed an iron golem
  2696 | D:11     | Noticed an iron golem
  2700 | D:11     | Killed a manticore
  2700 | D:11     | Reached XP level 11. HP: 97/97 MP: 16/16
  2702 | D:11     | Noticed an iron golem
  2725 | D:12     | Noticed a cyclops
  2762 | D:12     | Killed a cyclops
  2857 | D:12     | Killed an iron golem
  2857 | D:12     | Reached skill level 14 in Axes
  2917 | D:12     | Killed an iron golem
  2963 | D:11     | Noticed an iron golem
  2974 | D:11     | Noticed a centaur skeleton
  2987 | D:10     | Found a radiant altar of Vehumet.
  3027 | D:10     | Found Cunuer's Antique Weapon Boutique.
  3029 | D:10     | Found a white marble altar of Elyvilon.
  3029 | D:10     | Noticed an angel
  3035 | D:10     | Bought a transparent war axe for 255 gold pieces
  3035 | D:10     | Identified the +12 war axe of Extermination {freeze, rF++ rN+ Int+4} (You bought it in a shop on level 10 of the Dungeon)
  3036 | D:10     | :)
  3041 | D:10     | Found Jootof's Book Shoppe.
  3086 | D:10     | Found a staircase to the Orcish Mines.
  3104 | D:10     | Reached skill level 10 in Fighting
  3189 | Orc:1    | Entered Level 1 of the Orcish Mines
  3304 | Orc:1    | Found a burning altar of Makhleb.
  3313 | Orc:1    | Reached skill level 15 in Axes
  3319 | Orc:1    | Reached ***** piety under Trog
  3323 | Orc:1    | Got an encrusted whip
  3356 | Orc:1    | Noticed septik's ghost (novice GrFi)
  3369 | Orc:1    | Killed septik's ghost
  3596 | Orc:4    | Entered Level 4 of the Orcish Mines
  3596 | Orc:4    | Found Ythruopn's Antique Weapon Boutique.
  3596 | Orc:4    | Noticed an orc knight
  3607 | Orc:4    | Killed an orc knight
  3607 | Orc:4    | Reached XP level 12. HP: 103/106 MP: 18/18
  3611 | Orc:4    | Reached skill level 10 in Armour
  3661 | Orc:4    | Reached skill level 16 in Axes
  3680 | Orc:4    | Found a staircase to the Elven Halls.
  3714 | Orc:4    | Noticed an orc knight
  3728 | Orc:4    | Killed an orc knight
  3776 | Orc:4    | Found Kaskovint's Antique Armour Shoppe.
  3903 | Orc:4    | Noticed an orc knight
  3924 | Orc:4    | Killed an orc knight
  3948 | Orc:4    | Noticed an orc warlord
  3971 | Orc:4    | Killed an orc warlord
  3971 | Orc:4    | Reached skill level 17 in Axes
  4014 | Orc:4    | Found Bonexuocw's General Store.
  4014 | Orc:4    | Noticed an orc high priest
  4060 | Orc:4    | Killed an orc high priest
  4083 | Orc:4    | Noticed Nessos
  4098 | Orc:4    | Killed Nessos
  4178 | Orc:4    | Noticed an orc high priest
  4180 | Orc:4    | Noticed an orc knight
  4187 | Orc:4    | Killed an orc high priest
  4189 | Orc:4    | Killed an orc knight
  4191 | Orc:4    | Found Beolay's Book Shop.
  4314 | Orc:3    | Noticed Rupert
  4327 | Orc:3    | Killed Rupert
  4327 | Orc:3    | Reached skill level 18 in Axes
  4374 | Orc:2    | Reached XP level 13. HP: 72/113 MP: 19/19
  4507 | Orc:4    | Bought a shiny plate armour for 690 gold pieces
  4626 | D:10     | Found Luropt's Book Boutique.
  4720 | D:10     | Noticed Maurice
  4726 | D:10     | Killed Maurice
  4735 | D:10     | :)
  4777 | D:9      | Found Ruguugif's Jewellery Boutique.
  4822 | D:9      | Found Laf Odd's Weapon Emporium.
  4939 | Orc:2    | You fall through a shaft for 2 floors!
  5201 | D:9      | Bought a cursed ring of teleportation for 203 gold pieces
  5241 | Lair:1   | Entered Level 1 of the Lair of Beasts
  5310 | Lair:1   | Found a frozen archway.
  5327 | Lair:1   | Reached skill level 19 in Axes
  5378 | IceCv    | Entered an ice cave
  5489 | IceCv    | Got a twisted scale mail
  5662 | Lair:4   | Found a labyrinth entrance.
  5679 | Lab      | Entered a labyrinth
  5761 | Lab      | Identified the +2 scale mail of the Dragon {+Inv rN+ Str+2} (You found it in an ice cave)
  5813 | Lab      | Noticed a minotaur
  5820 | Lab      | Killed a minotaur
  5850 | Lair:4   | Found a hole to the Spider Nest.
  6072 | Lair:7   | Noticed Snorg
  6077 | Lair:7   | Killed Snorg
  6083 | Lair:7   | Found a staircase to the Slime Pits.
  6084 | Lair:7   | Found a viscous altar of Jiyva.
  6124 | Lair:7   | Found a dark tunnel.
  6137 | Volcano  | Entered a volcano
  6381 | Lair:7   | Found a bloodstained altar of Trog.
  6462 | Lair:7   | Identified a scroll of acquirement
  6516 | Lair:8   | Entered Level 8 of the Lair of Beasts
  6543 | Lair:8   | Reached XP level 14. HP: 105/122 MP: 20/20
  6568 | Lair:8   | Reached skill level 5 in Dodging
  6724 | Lair:8   | Noticed septik's ghost (journeyman GrFi)
  6737 | Lair:8   | Killed septik's ghost
  6742 | Lair:8   | no fda
  6976 | Lair:8   | Received a gift from Trog
  7078 | Lair:8   | hmm
  7382 | D:9      | Bought the ring of Kevoigent {rElec rC+ MR++ Int-5 Dex+10} for 810 gold pieces
  7382 | D:9      | Bought the ring of Zicaf {+Inv +Fly rC+ Str+5 Int+3} for 690 gold pieces
  7546 | Lair:4   | Found a staircase to the Swamp.
  7559 | Lair:4   | Reached skill level 15 in Armour
  7572 | Swamp:1  | Entered Level 1 of the Swamp
  7575 | Swamp:1  | Noticed a thorn hunter
  7612 | Swamp:2  | Got a jewelled ring mail
  7645 | Swamp:2  | Reached XP level 15. HP: 116/132 MP: 21/21
  7681 | Swamp:2  | Identified the +2 ring mail of Purpose {rF+ rC+} (You found it on level 2 of the Swamp)
  7798 | Swamp:4  | Entered Level 4 of the Swamp
  8035 | Swamp:4  | Noticed a thorn hunter
  8042 | Swamp:4  | Noticed the 27-headed Lernaean hydra
  8094 | Swamp:4  | why so clutch
  8239 | Swamp:4  | Killed a thorn hunter
  8325 | Swamp:4  | Got a decaying rune of Zot
  8432 | Swamp:1  | Killed a thorn hunter
  8490 | Spider:1 | Entered Level 1 of the Spider Nest
  8509 | Spider:1 | Noticed Donald
  8530 | Spider:1 | Killed Donald
  8544 | Spider:1 | Reached skill level 1 in Shields
  8664 | Spider:3 | :)
  8767 | Spider:4 | Entered Level 4 of the Spider Nest
  8820 | Spider:4 | Reached skill level 5 in Shields
  8833 | Spider:4 | Reached XP level 16. HP: 86/143 MP: 22/22
  8874 | Spider:4 | Received a gift from Trog
  8998 | Spider:4 | Got a gossamer rune of Zot
  9219 | Lair:5   | Lost mutation: You have large cloven feet. [helix card]
  9219 | Lair:5   | Gained mutation: Your muscles are strong. (Str +2) [helix card]
  9294 | Lair:5   | Reached skill level 10 in Shields
  9313 | Lair:6   | Lost mutation: You expend magic power (3 MP) to strengthen your wands. [potion of mutation]
  9313 | Lair:6   | Gained mutation: Scrolls take you a little longer to read. [potion of mutation]
  9313 | Lair:6   | Gained mutation: You are agile. (Dex +2) [potion of mutation]
  9378 | Lair:7   | Received a gift from Trog
  9409 | Slime:1  | Entered Level 1 of the Pits of Slime
  9431 | Slime:2  | Noticed an acid blob
  9440 | Slime:2  | Killed an acid blob
  9479 | Slime:2  | Gained mutation: You tend to lose your temper in combat. [a shining eye]
  9514 | Slime:4  | Noticed an acid blob
  9523 | Slime:4  | Killed an acid blob
  9635 | Slime:6  | Entered Level 6 of the Pits of Slime
  9644 | Slime:6  | Noticed an acid blob
  9749 | Slime:6  | Noticed an acid blob
  9756 | Slime:6  | Killed an acid blob
  9759 | Slime:6  | Noticed an acid blob
  9812 | Slime:5  | Killed an acid blob
  9892 | Slime:5  | Killed an acid blob
  9892 | Slime:5  | Reached XP level 17. HP: 127/149 MP: 23/23
 10002 | Slime:6  | Noticed the royal jelly
 10013 | Slime:6  | Received a gift from Trog
 10018 | Slime:6  | Killed the royal jelly
 10020 | Slime:6  | Noticed an acid blob
 10021 | Slime:6  | Noticed an acid blob
 10040 | Slime:6  | Killed an acid blob
 10042 | Slime:6  | Noticed an acid blob
 10048 | Slime:6  | Killed an acid blob
 10063 | Slime:6  | Killed an acid blob
 10063 | Slime:6  | Reached skill level 15 in Shields
 10068 | Slime:6  | Lost mutation: Your muscles are strong. (Str +2) [a shining eye]
 10214 | Slime:6  | Got a distressingly furry chain mail
 10217 | Slime:6  | Identified the +1 chain mail "Vusefa" {MP+9} (You found it on level 6 of the Pits of Slime)
 10219 | Slime:6  | Got a scorched war axe
 10220 | Slime:6  | Identified the +5 war axe of Moderation {pain, +Rage} (You found it on level 6 of the Pits of Slime)
 10230 | Slime:6  | Got a warped morningstar
 10244 | Slime:6  | Identified the +11 morningstar of Ucaacre {venom, MR++ Str+5} (You found it on level 6 of the Pits of Slime)
 10248 | Slime:6  | Got a slimy rune of Zot
 10285 | Slime:6  | Lost mutation: You are agile. (Dex +2) [a shining eye]
 10540 | D:9      | Noticed a queen ant
 10549 | D:9      | Killed a queen ant
 10633 | Orc:1    | Fell from the grace of Trog
 10633 | Orc:1    | Became a worshipper of Makhleb the Destroyer
 10688 | D:11     | Noticed a komodo dragon
 10694 | D:11     | Killed a komodo dragon
 10705 | D:11     | Killed a 13-headed hydra
 10726 | D:11     | Killed a red ugly thing
 10782 | D:13     | Learned a level 2 spell: Cure Poison
 10784 | D:13     | Learned a level 1 spell: Apportation
 10789 | D:13     | Learned a level 4 spell: Passage of Golubria
 10793 | D:13     | Learned a level 2 spell: Blink
 10856 | D:13     | Noticed a deep elf knight
 10856 | D:13     | Noticed an ogre mage
 10874 | D:13     | Killed a deep elf knight
 10883 | D:13     | Reached * piety under Makhleb
 10884 | D:13     | Killed an ogre mage
 10884 | D:13     | Reached skill level 1 in Translocations
 10910 | D:13     | Noticed an orc knight
 10920 | D:13     | Killed an orc knight
 10965 | D:13     | Found a gate to the Vaults.
 10973 | Vaults:1 | Entered Level 1 of the Vaults
 10974 | Vaults:1 | Found Biokhug's Armour Emporium.
 10995 | Vaults:1 | Reached skill level 1 in Spellcasting
 11017 | Vaults:1 | Reached ** piety under Makhleb
 11161 | Vaults:1 | Reached *** piety under Makhleb
 11260 | Vaults:1 | Reached skill level 10 in Dodging
 11265 | Vaults:1 | Reached XP level 18. HP: 159/159 MP: 24/24
 11444 | Vaults:1 | Found Losmumix's Jewellery Boutique.
 11448 | Vaults:1 | Bought an uncursed amulet of clarity for 220 gold pieces
 11486 | Vaults:2 | Reached **** piety under Makhleb
 11541 | Vaults:2 | Found Haisosy's Magic Scroll Shop.
 11556 | Vaults:2 | Bought a scroll of blinking for 142 gold pieces
 11556 | Vaults:2 | Bought a scroll of holy word for 142 gold pieces
 11556 | Vaults:2 | Bought a scroll of identify for 38 gold pieces
 11556 | Vaults:2 | Bought a scroll of identify for 38 gold pieces
 11761 | Vaults:2 | Reached ***** piety under Makhleb
 11768 | Vaults:2 | Reached skill level 5 in Translocations
 12089 | Vaults:3 | Found a staircase to the Crypt.
 12089 | Vaults:3 | Found a basalt altar of Yredelemnul.
 12313 | Vaults:3 | Found a magical portal.
 12337 | WizLab   | Entered The Hall of Maxy the Hellbinder
 12426 | WizLab   | Noticed a Brimstone Fiend
 12457 | WizLab   | Noticed Maxy
 12483 | WizLab   | Killed Maxy the Hellbinder
 12489 | WizLab   | Found a burning altar of Makhleb.
 12754 | Vaults:4 | Reached ****** piety under Makhleb
 12754 | Vaults:4 | Reached XP level 19. HP: 167/167 MP: 26/26
 12861 | Vaults:4 | Reached skill level 5 in Spellcasting
 12929 | Vaults:5 | Entered Level 5 of the Vaults
 13029 | Vaults:5 | Noticed an ancient lich
 13038 | Vaults:5 | Killed an ancient lich
 13052 | Vaults:5 | Noticed an ancient lich
 13065 | Vaults:5 | Reached skill level 10 in Translocations
 13073 | Vaults:5 | Killed an ancient lich
 13108 | Vaults:4 | Reached XP level 20. HP: 174/174 MP: 30/30
 13133 | Vaults:4 | Learned a level 8 spell: Controlled Blink
 13139 | Vaults:4 | Learned a level 5 spell: Phase Shift
 13142 | Vaults:4 | Learned a level 2 spell: Swiftness
 13164 | Vaults:5 | Noticed an ancient lich
 13790 | Vaults:5 | Noticed an ancient lich
 13798 | Vaults:5 | Killed an ancient lich
 13824 | Vaults:5 | Found Wenuyhir's Jewellery Boutique.
 14051 | Vaults:5 | Got a silver rune of Zot
 14099 | Vaults:5 | Reached skill level 5 in Invocations
 14322 | Vaults:5 | Noticed an ancient lich
 14348 | Vaults:4 | Killed an ancient lich
 14443 | Vaults:5 | Reached XP level 21. HP: 109/181 MP: 33/33
 14447 | Vaults:5 | Got a slimy copper amulet
 14450 | Vaults:5 | Identified the amulet "Durchek" {rCorr MR+ Str+3} (You took it off a yaktaur captain on level 5 of the Vaults)
 14491 | Vaults:5 | Got a twitching bronze ring
 14494 | Vaults:5 | Identified the ring "Lops" {rPois MR- Str+4 Int+3} (You found it on level 5 of the Vaults)
 14835 | D:10     | Found Muzid's Hallowed Reliquary.
 14841 | D:10     | Found Cerisut's Gadget Shop.
 14845 | D:10     | Bought a wand of heal wounds (6) for 780 gold pieces
 14879 | D:10     | Bought a book of Battle for 520 gold pieces
 14883 | D:10     | Learned a level 3 spell: Regeneration
 14887 | D:10     | Learned a level 3 spell: Spectral Weapon
 14895 | D:10     | Bought a potion of cure mutation for 455 gold pieces
 15020 | D:15     | Entered Level 15 of the Dungeon
 15081 | D:15     | Found a shattered altar of Ashenzari.
 15108 | D:15     | Found a blossoming altar of Fedhas.
 15145 | D:15     | Found a shattered altar of Ashenzari.
 15149 | D:15     | Found a staircase to the Depths.
 15159 | D:15     | Reached skill level 1 in Charms
 15159 | D:15     | Reached skill level 1 in Necromancy
 15166 | Depths:1 | Entered Level 1 of the Depths
 15289 | Depths:3 | Found a one-way gate to the infinite horrors of the Abyss.
 15295 | Depths:3 | Found a one-way gate leading to the halls of Pandemonium.
 15385 | Depths:5 | Entered Level 5 of the Depths
 15453 | Depths:4 | Found Lykeg's Antique Armour Shoppe.
 15547 | Depths:4 | Noticed a golden dragon
 15552 | Depths:4 | Noticed Louise
 15558 | Depths:4 | Killed a golden dragon
 15568 | Depths:4 | Killed Louise
 15629 | Depths:4 | Found a gateway to Hell.
 15685 | Depths:4 | Reached skill level 5 in Necromancy
 15721 | Depths:4 | Reached skill level 5 in Charms
 15890 | Depths:2 | Noticed a golden dragon
 15897 | Depths:2 | Noticed a caustic shrike
 16079 | Depths:2 | Found a gateway to a ziggurat.
 16085 | Zig:1    | Entered Level 1 of a ziggurat
 16104 | Zig:2    | Entered Level 2 of a ziggurat
 16137 | Zig:3    | Entered Level 3 of a ziggurat
 16170 | Zig:4    | Entered Level 4 of a ziggurat
 16195 | Zig:4    | Got a scorched bone ring
 16198 | Zig:4    | Identified the ring of Iptiop {+Inv Str+3} (You found it on level 4 of a ziggurat)
 16214 | Zig:5    | Entered Level 5 of a ziggurat
 16254 | Zig:5    | Got a pitted pewter ring
 16257 | Zig:5    | Identified the ring "Norulel" {+Fly rC++} (You found it on level 5 of a ziggurat)
 16262 | Zig:6    | Entered Level 6 of a ziggurat
 16279 | Zig:6    | Reached XP level 22. HP: 189/189 MP: 24/34
 16309 | Zig:6    | Got a faintly humming plate armour
 16312 | Zig:6    | Identified the cursed +1 plate armour of the Yeti {MR+++ Stlth+} (You found it on level 6 of a ziggurat)
 16314 | Zig:6    | Reached XP level 23. HP: 167/195 MP: 29/35
 16333 | Zig:7    | Entered Level 7 of a ziggurat
 16377 | Zig:7    | Reached skill level 15 in Fighting
 16377 | Zig:7    | Reached XP level 24. HP: 202/207 MP: 20/35
 16380 | Zig:8    | Entered Level 8 of a ziggurat
 16422 | Zig:8    | Reached XP level 25. HP: 210/216 MP: 28/35
 16423 | Zig:8    | Got a scorched hat
 16426 | Zig:8    | Identified the +1 hat of Zausch {rElec rF++ rCorr Str-5} (You found it on level 8 of a ziggurat)
 16438 | Zig:9    | Entered Level 9 of a ziggurat
 16444 | Zig:9    | Noticed an orb of fire
 16466 | Zig:9    | Killed an orb of fire
 16506 | Zig:9    | Got a shimmering lead amulet
 16509 | Zig:9    | Identified the amulet of Egalitarianism {Gourm MP-9 Int+7 Slay+2} (You found it on level 9 of a ziggurat)
 16514 | Zig:10   | Entered Level 10 of a ziggurat
 16564 | Zig:10   | Got a steaming pewter amulet
 16567 | Zig:10   | Identified the amulet of the Queen {*Drain rElec rPois Regen+} (You found it on level 10 of a ziggurat)
 16578 | Zig:11   | Entered Level 11 of a ziggurat
 16664 | Zig:11   | Reached XP level 26. HP: 144/227 MP: 30/36
 16680 | Zig:12   | Entered Level 12 of a ziggurat
 16693 | Zig:12   | Reached skill level 20 in Armour
 17003 | Depths:4 | Bought a pair of slimy gloves for 418 gold pieces
 17024 | Depths:4 | Identified the +0 pair of gloves of Dithmenos's Hatred {rF++} (You bought it in a shop on level 4 of the Depths)
 17432 | Vaults:3 | Found an ancient bone altar of Kikubaaqudgha.
 17440 | Crypt:1  | Entered Level 1 of the Crypt
 17522 | Crypt:3  | Entered Level 3 of the Crypt
 17650 | Crypt:3  | Found an ancient bone altar of Kikubaaqudgha.
 17713 | Crypt:3  | Was forgiven by Trog
 17760 | Crypt:3  | Found a staircase to the Tomb.
 17778 | Tomb:1   | Entered Level 1 of the Tomb of the Ancients
 17788 | Tomb:1   | Lost mutation: You can breathe flames. [potion of cure mutation]
 17788 | Tomb:1   | Lost mutation: You tend to lose your temper in combat. [potion of cure mutation]
 17788 | Tomb:1   | Lost mutation: Scrolls take you a little longer to read. [potion of cure mutation]
 17823 | Tomb:1   | Noticed a greater mummy
 17969 | Tomb:3   | Entered Level 3 of the Tomb of the Ancients
 18093 | Tomb:3   | Noticed a greater mummy
 18112 | Tomb:2   | Reached XP level 27. HP: 109/234 MP: 27/36
 18358 | Tomb:2   | Reached skill level 10 in Spellcasting
 18390 | Tomb:3   | Noticed a greater mummy
 18548 | Tomb:2   | Killed a greater mummy
 18594 | Tomb:3   | Noticed a greater mummy
 18605 | Tomb:2   | Killed a greater mummy
 18662 | Tomb:2   | Killed a greater mummy
 18728 | Tomb:3   | Noticed a greater mummy
 18763 | Tomb:2   | Killed a greater mummy
 18763 | Tomb:2   | Reached skill level 15 in Translocations
 18906 | Tomb:3   | Noticed a greater mummy
 18908 | Tomb:3   | Gained mutation: You are occasionally teleported to nearby monsters. [a neqoxec]
 18947 | Tomb:2   | Killed a greater mummy
 18974 | Tomb:3   | Noticed a greater mummy
 19018 | Tomb:2   | Killed a greater mummy
 19057 | Tomb:3   | Noticed a greater mummy
 19080 | Tomb:2   | Killed a greater mummy
 19129 | Tomb:3   | Noticed a greater mummy
 19141 | Tomb:3   | Gained mutation: Scrolls take you a little longer to read. [a neqoxec]
 19234 | Tomb:3   | Killed a greater mummy
 19337 | Tomb:3   | Got a golden rune of Zot
 19344 | Tomb:3   | Noticed a greater mummy
 19361 | Tomb:3   | Killed a greater mummy
 19457 | Tomb:3   | Got a faintly humming fire dragon armour
 19468 | Tomb:3   | Identified the cursed +1 fire dragon armour of Ageus {rF++ rC- Slay+3} (You found it on level 3 of the Tomb of the Ancients)
 19493 | Tomb:3   | Lost mutation: Scrolls take you a little longer to read. [potion of cure mutation]
 19493 | Tomb:3   | Lost mutation: You are occasionally teleported to nearby monsters. [potion of cure mutation]
 19751 | Tomb:1   | Paralysed by a sphinx for 3 turns
 20103 | D:13     | lol
 20146 | D:10     | Bought a potion of heal wounds for 65 gold pieces
 20146 | D:10     | Bought a potion of cure mutation for 455 gold pieces
 20146 | D:10     | Bought a potion of cure mutation for 455 gold pieces
 20146 | D:10     | Bought a potion of cure mutation for 455 gold pieces
 20146 | D:10     | Bought a potion of curing for 39 gold pieces
 20146 | D:10     | Bought a potion of cure mutation for 455 gold pieces
 20294 | Pan      | Entered Pandemonium
 20464 | Pan      | Noticed Laoklu Papsi the pandemonium lord
 20550 | Pan      | Noticed Boasoiwk the pandemonium lord
 20602 | Pan      | Found an exit through the horrors of the Abyss.
 20664 | Pan      | Noticed Rawnotek the pandemonium lord
 20755 | Pan      | Got a jewelled broad axe
 20796 | Pan      | Noticed Lapsyaxofu the pandemonium lord
 20799 | Pan      | Found an exit through the horrors of the Abyss.
 20872 | Pan      | Identified the +3 broad axe of Guilt {venom, +Fly rElec} (You found it in Pandemonium)
 20894 | Pan      | Found a huge runed gate.
 20906 | Pan      | Noticed Vefaigel the pandemonium lord
 21114 | Pan      | Got a heavily runed lead ring
 21127 | Pan      | Identified the ring of Fisaxos {Int+2 Stlth+} (You found it in Pandemonium)
 21242 | Pan      | Found an exit through the horrors of the Abyss.
 21299 | Pan      | Found an exit through the horrors of the Abyss.
 21323 | Pan      | Found an exit through the horrors of the Abyss.
 21390 | Pan      | Noticed Eluzxul the pandemonium lord
 21468 | Pan      | Noticed Ruics the pandemonium lord
 21469 | Pan      | Gained mutation: You are weak. (Str -2) [a neqoxec]
 21477 | Pan      | Found an exit through the horrors of the Abyss.
 21594 | Pan      | Gained mutation: Your spells are a little easier to cast, but a little less powerful. [a neqoxec]
 21668 | Pan      | Gained mutation: Armour fits poorly on your strangely shaped body. [a neqoxec]
 21671 | Pan      | WTF
 21875 | Pan      | Noticed Muklal the pandemonium lord
 21910 | Pan      | Noticed Ywiral the pandemonium lord
 21936 | Pan      | Gained mutation: Your magical capacity is low (-10% MP). [a neqoxec]
 21938 | Pan      | Gained mutation: You expend magic power (3 MP) to strengthen your wands. [a neqoxec]
 21940 | Pan      | Gained mutation: Your magical capacity is very low (-20% MP). [a neqoxec]
 21959 | Pan      | Lost mutation: Your magical capacity is very low (-20% MP). [potion of cure mutation]
 21959 | Pan      | Lost mutation: You are weak. (Str -2) [potion of cure mutation]
 21959 | Pan      | Lost mutation: Armour fits poorly on your strangely shaped body. [potion of cure mutation]
 21986 | Pan      | Found an exit through the horrors of the Abyss.
 22114 | Pan      | Found an exit through the horrors of the Abyss.
 22167 | Pan      | Found an exit through the horrors of the Abyss.
 22257 | Pan      | Killed from afar by an Ice Fiend

Action                   |  1- 3 |  4- 6 |  7- 9 | 10-12 | 13-15 | 16-18 | 19-21 | 22-24 | 25-27 || total
-------------------------+-------+-------+-------+-------+-------+-------+-------+-------+-------++-------
Melee: Hand axe          |    31 |   111 |    74 |       |       |       |       |       |       ||   216
       War axe           |       |       |    92 |   494 |   789 |  1021 |   953 |    51 |  1209 ||  4609
       Battleaxe         |       |       |       |       |    68 |       |       |       |       ||    68
 Cast: Apportation       |       |       |       |       |       |    10 |    50 |     6 |   155 ||   221
       Passage of Golubr |       |       |       |       |       |       |    16 |       |    47 ||    63
       Regeneration      |       |       |       |       |       |       |     8 |       |   213 ||   221
       Blink             |       |       |       |       |       |       |     1 |       |     2 ||     3
       Swiftness         |       |       |       |       |       |       |       |       |     1 ||     1
       Spectral Weapon   |       |       |       |       |       |       |       |       |     1 ||     1
Invok: Berserk           |     2 |     5 |    11 |    17 |    10 |     4 |       |       |       ||    49
       Trog's Hand       |       |       |     2 |    29 |    38 |    25 |       |       |       ||    94
       Brothers in Arms  |       |       |       |     6 |     6 |     4 |       |       |       ||    16
       Lesser Servant of |       |       |       |       |       |       |     1 |       |     2 ||     3
       Greater Servant o |       |       |       |       |       |       |     1 |       |     1 ||     2
 Abil: Evoke Teleportati |       |       |       |       |    22 |    42 |    34 |       |   175 ||   273
       Evoke Flight      |       |       |       |       |     5 |     1 |     1 |       |       ||     7
       Stop Flying       |       |       |       |       |     2 |       |     1 |       |       ||     3
       Evoke Berserk Rag |       |       |       |       |       |     3 |     7 |     1 |    18 ||    29
Evoke: Wand              |       |       |       |     2 |     4 |     4 |    10 |       |     4 ||    24
       Deck              |       |       |       |       |     2 |     2 |       |     2 |     3 ||     9
       Fan of gales      |       |       |       |       |     1 |       |       |       |     1 ||     2
       Phantom mirror    |       |       |       |       |       |     1 |       |       |       ||     1
       Box of beasts     |       |       |       |       |       |       |     1 |       |       ||     1
       Staff of energy   |       |       |       |       |       |       |       |       |   152 ||   152
  Use: Scroll            |       |     4 |     4 |    10 |    18 |    10 |    18 |     2 |    14 ||    80
       Potion            |       |       |       |     3 |     2 |     8 |    13 |     3 |    12 ||    41
 Stab: Distracted        |       |       |       |     1 |     1 |     3 |     2 |       |       ||     7
  Eat: Chunk             |       |     6 |    29 |    41 |    36 |    25 |    35 |       |     6 ||   178
       Beef jerky        |       |       |       |       |     2 |       |       |       |     3 ||     5
       Pizza             |       |       |       |       |     1 |     1 |       |       |     1 ||     3
       Bread ration      |       |       |       |       |     1 |       |       |       |    12 ||    13
       Royal jelly       |       |       |       |       |     2 |     3 |       |       |    21 ||    26
       Fruit             |       |       |       |       |       |     3 |     7 |       |       ||    10
       Meat ration       |       |       |       |       |       |       |       |       |     2 ||     2
